cohdb
Replays
Latest Replays
All Replays
Popular Replays
Top Player Replays
Match Explorer
How It Works
Community
CoH3 Stats
Reddit
Sign in to upload your games and track your stats! →
Sign in with Steam
Match 42728500
Unlisted
Match 42728500
Overview
Messages
Build Orders
End
Construct Section Command Post
Royal Engineer Section
Selects Canadian Shock Battlegroup
Vickers Machine Gun Team
Dingo Light Scout Car
Infantry Section
Selects Attacking Spirit
Selects Canadian Shock Section
Infantry Section
Selects Incendiary Munitions
Construct Platoon Command Post
Grenade Package
6-pounder Anti-tank Gun Team
Selects Pyrotechnics
Construct Field Infirmary
Infantry Training
Canadian Shock Section
Construct Company Command Post
Matilda II Heavy Tank
Selects Churchill Crocodile Heavy Tank
CMP 15cwt Truck
Canadian Shock Section
Selects Smoke Operation
Royal Engineer Section
LMAA||Bobdaboss
DonButtkick
BigTiddyLebron
kreumat
0
0
Comments
sign in to comment!
No comments posted yet!